Map: Zen LE

Players

Rogue - Winner!

  • Race: Zerg Zerg
  • Spawn Location: 1:00

Dark

  • Race: Zerg Zerg
  • Spawn Location: 7:00

Event: IEM Katowice 2020

VOD

Have the link to the VOD?

Description

Time

  • Played on: Feb. 29, 2020, 12:30 p.m.
  • Length: 6:50

All games in this series

Show
View Real Time Build Order
Export as new Build Order

Rogue Zerg - Winner!

Build Orders: Hatch First, Zergling Baneling 

Get SALT Encoding   

  12  0:00  Drone  
  13  0:12  Overlord  
  13  0:17  Drone  
  14  0:31  Drone x2  
  16  0:49  Hatchery  
  15  0:51  Drone  
  15  0:54  Drone  
  17  0:58  Drone  
  18  1:09  Extractor  
  17  1:13  Spawning Pool  
  17  1:16  Drone  
  17  1:20  Drone  
  18  1:27  Drone  
  19  1:39  Drone  
  20  1:49  Drone  
  21  2:00  Queen  
  21  2:01  Queen  
  23  2:02  Drone, Overlord  
  26  2:10  Drone  
  26  2:11  Drone  
  26  2:13  Metabolic Boost  
  28  2:23  Drone  
  28  2:24  Drone  
  30  2:32  Hatchery  
  30  2:36  Drone  
  30  2:38  Drone  
  30  2:44  Queen  
  31  2:48  Drone  
  34  2:53  Baneling Nest  
  34  2:56  Overlord  
  33  2:58  Zergling x2  
  33  3:01  Drone  
  33  3:04  Drone  
  36  3:14  Drone x4  
  36  3:15  Zergling x4  
  36  3:19  Overlord  
  42  3:24  Drone x2  
  44  3:30  Evolution Chamber  
  44  3:32  Zergling x2  
  44  3:37  Queen, Baneling x3  
  44  3:38  Baneling  
  46  3:43  Zergling x6  
  46  3:47  Zergling x2  
  46  3:48  Zergling x2  
  51  3:49  Zergling x2  
  51  3:56  Baneling  
  51  3:57  Drone x3  
  51  3:58  Drone x2  
  51  4:02  Baneling x3  
  55  4:04  Zergling x4  
  55  4:09  Overlord  
  57  4:15  Extractor  
  57  4:16  Extractor  
  55  4:18  Overlord  
  55  4:19  Drone x3  
  58  4:24  Overlord  
  58  4:29  Drone x3  
  60  4:37  Roach Warren  
  59  4:40  Overlord  
  59  4:46  Zergling x4  
  59  4:47  Overlord  
  61  4:55  Overlord  
  59  5:17  Roach  
  59  5:18  Roach x12  
  59  5:19  Roach  
  59  5:20  Roach  
  88  5:25  Roach x2  
  88  5:28  Zergling x4  
  93  5:34  Overlord  
  93  5:36  Zergling x2  
  93  5:41  Zergling x4  
  96  5:43  Overlord  
  96  5:48  Baneling x9  
  96  5:52  Zergling x4  
  96  5:54  Zergling x2  
  99  5:57  Baneling x2  
  99  5:58  Zergling x2  
  99  6:02  Zergling x2, Baneling x2  
  99  6:03  Zergling x4  
  102  6:04  Zergling x2  
  102  6:09  Zergling x4  
  103  6:11  Zergling x2  
  103  6:14  Zergling x2  
  103  6:15  Zergling x4  
  103  6:16  Zergling x4  
  100  6:20  Zergling x2  
  100  6:22  Zergling x2  
  96  6:26  Zergling x6  
  96  6:27  Zergling x2  
  96  6:29  Zergling x2  
  96  6:30  Ravager  
  96  6:31  Zergling x2  
Show
View Real Time Build Order
Export as new Build Order

Dark Zerg 

Build Orders: Hatch First 

Get SALT Encoding   

  12  0:00  Drone  
  13  0:12  Overlord  
  13  0:17  Drone  
  14  0:31  Drone x2  
  16  0:48  Hatchery  
  15  0:52  Drone  
  15  0:55  Drone  
  17  0:58  Drone  
  18  1:09  Extractor  
  17  1:13  Spawning Pool  
  17  1:16  Drone  
  17  1:20  Drone  
  18  1:27  Drone  
  19  1:38  Drone  
  20  1:49  Drone  
  21  1:59  Queen  
  21  2:00  Queen  
  25  2:02  Drone  
  25  2:03  Drone  
  27  2:11  Overlord  
  27  2:13  Drone  
  28  2:18  Metabolic Boost  
  28  2:29  Hatchery  
  27  2:32  Drone  
  27  2:33  Drone  
  29  2:39  Drone  
  30  2:46  Baneling Nest  
  30  2:48  Zergling x4  
  31  2:53  Overlord  
  31  2:59  Drone  
  32  3:11  Zergling x8  
  32  3:12  Zergling x6  
  39  3:15  Zergling x2  
  39  3:19  Zergling x2  
  41  3:23  Overlord  
  41  3:25  Zergling x2  
  42  3:30  Baneling x2  
  42  3:40  Zergling x2, Drone  
  42  3:41  Drone x5  
  49  3:44  Baneling x2  
  49  3:55  Drone x3  
  49  3:56  Drone  
  49  3:59  Baneling x2  
  49  4:01  Queen  
  53  4:07  Drone x2  
  54  4:11  Zergling x2  
  55  4:17  Drone x2  
  55  4:18  Overlord  
  55  4:22  Extractor, Evolution Chamber  
  55  4:24  Overlord  
  55  4:25  Drone  
  55  4:27  Drone x2  
  55  4:30  Baneling  
  55  4:31  Overlord  
  58  4:35  Overlord  
  58  4:37  Drone  
  58  4:38  Drone x2  
  61  4:39  Drone  
  61  4:43  Drone x2  
  61  4:45  Drone x2  
  65  4:48  Zerg Missile Weapons Level 1  
  65  4:54  Roach Warren  
  65  4:56  Drone x3  
  67  5:03  Drone x2  
  67  5:05  Lair  
  69  5:13  Drone x6  
  74  5:20  Overlord x2  
  74  5:21  Baneling  
  73  5:23  Spine Crawler  
  73  5:26  Extractor  
  71  5:29  Extractor  
  71  5:33  Overlord  
  71  5:34  Roach  
  71  5:35  Roach x4  
  80  5:40  Roach x2  
  80  5:42  Spine Crawler  
  82  5:50  Spine Crawler  
  82  5:52  Roach x4  
  82  5:54  Spine Crawler, Roach  
  90  5:57  Queen  
  90  6:01  Roach  
  93  6:14  Roach  
  93  6:15  Roach x3  
  83  6:20  Roach x2  
  83  6:25  Roach  
  80  6:26  Roach x3  
  80  6:27  Roach  
  80  6:28  Roach  
  80  6:29  Roach  
  80  6:30  Roach  

Tags
 
Add a new tag
Caveats
  • Supply blocks, unpowered buildings, or Contaminate may cause inaccurate times.
  • Supply counts are checked every 10 seconds.